 Dungeon Crawl Stone Soup version 0.13.0-25-g43d4df3 (webtiles) character file.

6703 Whadda the Cleaver (level 10, -3/132 HPs)
             Began as a Minotaur Berserker on Oct 27, 2013.
             Was a High Priest of Trog.
             Killed from afar by an electric eel (7 damage)
             ... with a bolt of electricity
             ... on Level 3 of the Orcish Mines.
             The game lasted 00:28:43 (8343 turns).

Whadda the Cleaver (Minotaur Berserker)             Turns: 8343, Time: 00:28:44

HP  -3/132       AC 15     Str 30      XL: 10   Next: 47%
MP   3/3         EV  7     Int  4      God: Trog [*****.]
Gold 1026        SH  0     Dex 15      Spells:  0 memorised,  9 levels left

Res.Fire  : . . .   See Invis. : .   m - +0,+3 executioner's axe (venom)
Res.Cold  : . . .   Warding    : .   c - +1 orc plate armour {MR+}
Life Prot.: . . .   Conserve   : .   (no shield)
Res.Poison: .       Res.Corr.  : .   (helmet restricted)
Res.Elec. : .       Clarity    : .   (no cloak)
Sust.Abil.: . .     Spirit.Shd : .   (no gloves)
Res.Mut.  : .       Stasis     : .   (no boots)
Res.Rott. : .       Flight     : .   (no amulet)
Saprovore : . . .                    (no ring)
                                     f - +5 ring of dexterity

@: berserking (expiring), very quick, quite resistant to hostile enchantments,
extremely unstealthy
A: retaliatory headbutt, horns 2
a: Burn Spellbooks, Berserk, Trog's Hand, Brothers in Arms, Renounce Religion


You were on level 3 of the Orcish Mines.
You worshipped Trog.
Trog was extremely pleased with you.
You were not hungry.

You visited 2 branches of the dungeon, and saw 9 of its levels.

You collected 1006 gold pieces.

Inventory:

Hand weapons
 h - a +3,+3 anti-magic battleaxe
 m - a +0,+3 executioner's axe of venom (weapon)
Armour
 c - a +1 orcish plate armour of magic resistance (worn)
Comestibles
 n - an apple
 p - 2 pears
Scrolls
 g - 2 scrolls of teleportation
 i - 3 scrolls of remove curse
 o - a scroll of summoning
 u - 2 scrolls of magic mapping
 w - a scroll of blinking
Jewellery
 f - a +5 ring of dexterity (left hand)
Potions
 b - a potion of confusion
 k - 4 potions of curing
 s - a potion of might
 x - a potion of agility
Books
 d - a book of Battle

   Spells                             Type                      Level
   Infusion                           Charms                       1
   Shroud of Golubria                 Charms/Translocation         2
   Song of Slaying                    Charms                       2
   Spectral Weapon                    Hexes/Charms                 3
   Regeneration                       Charms/Necromancy            3
   Song of Shielding                  Charms                       4
   Trog disapproves of the use of such an item.


   Skills:
 + Level 10.1 Fighting
 * Level 13.0 Axes
 + Level 9.6 Armour
 - Level 3.0 Dodging
 - Level 0.6 Stealth


You had 9 spell levels left.
You didn't know any spells.

Dungeon Overview and Level Annotations

Branches:
Dungeon (6/27)             Temple (0/1) D:4             Orc (3/4) D:6
    Elf: Orc:3-4

Altars:
Ashenzari
Elyvilon
Kikubaaqudgha
Nemelex Xobeh
Vehumet
Xom
Zin
Beogh

Shops:
Orc:1 (   Orc:2 (


Innate Abilities, Weirdness & Mutations

You reflexively headbutt those who attack you in melee.
You have a pair of horns on your head.


Message History

The bolt of electricity hits the electric eel.
The giant goldfish bites you.
* * * LOW HITPOINT WARNING * * *
You hit the electric eel.
You kill the electric eel!
Trog accepts your kill.
You hit the electric eel.
The electric eel is poisoned.
The electric eel is moderately wounded.
You slice the giant goldfish!!
You kill the giant goldfish!
Trog accepts your kill.
The electric eel shoots out a bolt of electricity!
The bolt of electricity misses you. The bolt of electricity hits you!
* * * LOW HITPOINT WARNING * * *
The bolt of electricity hits the electric eel.
Your unstable footing causes you to fumble your attack.
Your unstable footing causes you to fumble your attack.
The electric eel shoots out a bolt of electricity!
The bolt of electricity hits you!
You die...

#..≈ #.≈≈≈ #.≈≈##e#
#.≈≈#...# #.≈≈#.r. ≈.
#.≈≈#err ≈e#
#####.≈≈#... ≈≈.#
##.##..≈≈##.##≈≈.#
#...#..@;≈≈≈≈≈≈≈.#
##.......≈≈≈≈≈≈≈..#
####...........(.....#
##.#.........###(######
#............##...##
#........)....##)..#
#.....#......###...##
##<.....)...###)..#.##
###.........#.......##


You could see an electric eel.

Vanquished Creatures
  Pikel (D:6)
  A deep elf summoner (Orc:3)
  A troll (D:6)
  Prince Ribbit (Orc:1)
  A two-headed ogre (Orc:3)
  A deep elf mage (Orc:3)
  A redback (Orc:3)
  A tarantella (Orc:3)
  10 deep elf fighters (Orc:3)
  9 orc warriors
  2 slaves (D:6)
  A black bear (D:6)
  An ice beast (D:6)
  A giant goldfish (Orc:3)
  3 ogres
  2 electric eels (Orc:3)
  A jelly (D:6)
  A crimson imp (D:6)
  16 orc priests
  2 iguanas (D:5)
  9 orc wizards
  A scorpion (D:6)
  2 worker ants
  2 hound skeletons
  3 adders
  3 worms (D:2)
  4 giant geckos
  An ooze (D:2)
  85 orcs
  A ball python (D:4)
  4 giant cockroaches
  13 hobgoblins
  A quokka (D:2)
  7 bats
  5 giant newts
  10 goblins
  A hobgoblin skeleton (D:4)
  4 jackals
  12 kobolds
  A kobold zombie (D:6)
  10 rats
  15 ballistomycetes (D:6)
251 creatures vanquished.

Vanquished Creatures (others)
  An electric eel (Orc:3)
  An orc wizard (Orc:3)
  A giant spore (D:6)
3 creatures vanquished.

Grand Total: 254 creatures vanquished

Notes
Turn   | Place    | Note
--------------------------------------------------------------
     0 | D:1      | Whadda, the Minotaur Berserker, began the quest for the Orb.
     0 | D:1      | Reached XP level 1. HP: 19/19 MP: 0/0
   271 | D:1      | Reached XP level 2. HP: 10/26 MP: 0/0
   443 | D:1      | Reached skill level 4 in Fighting
   586 | D:2      | Acquired Trog's second power
   628 | D:2      | Found a white marble altar of Elyvilon.
   746 | D:2      | Found an ancient bone altar of Kikubaaqudgha.
   771 | D:2      | Reached XP level 3. HP: 20/33 MP: 1/1
  1200 | D:2      | Found a radiant altar of Vehumet.
  1294 | D:2      | Reached XP level 4. HP: 31/40 MP: 1/1
  1604 | D:3      | Found a shimmering altar of Xom.
  2082 | D:4      | Found a staircase to the Ecumenical Temple.
  2126 | D:4      | Reached XP level 5. HP: 36/46 MP: 1/1
  2225 | D:4      | Reached skill level 5 in Axes
  2233 | D:4      | Found a glowing silver altar of Zin.
  2296 | D:5      | Entered Level 5 of the Dungeon
  2299 | D:5      | Noticed an ogre
  2310 | D:5      | Killed an ogre
  2634 | D:5      | Reached skill level 5 in Fighting
  2634 | D:5      | Reached XP level 6. HP: 48/53 MP: 2/2
  3140 | D:5      | Reached skill level 6 in Axes
  3404 | D:5      | Acquired Trog's third power
  3661 | D:6      | Found a sparkling altar of Nemelex Xobeh.
  3769 | D:6      | Reached skill level 5 in Armour
  3770 | D:6      | Noticed Pikel
  3772 | D:6      | Reached XP level 7. HP: 46/60 MP: 2/2
  3779 | D:6      | Killed Pikel
  3779 | D:6      | Reached skill level 8 in Axes
  3779 | D:6      | Reached XP level 8. HP: 50/69 MP: 2/2
  4146 | D:6      | Noticed a troll
  4161 | D:6      | Killed a troll
  4161 | D:6      | Reached skill level 9 in Axes
  4468 | D:6      | Found a staircase to the Orcish Mines.
  4480 | D:6      | Found a roughly hewn altar of Beogh.
  4494 | D:6      | Reached skill level 10 in Axes
  4604 | D:6      | Found a shattered altar of Ashenzari.
  4833 | Orc:1    | Entered Level 1 of the Orcish Mines
  4833 | Orc:1    | Found Wuesajam's Antique Weapon Emporium.
  4837 | Orc:1    | Reached XP level 9. HP: 77/77 MP: 3/3
  5085 | Orc:1    | Received a gift from Trog
  5313 | Orc:1    | Reached skill level 11 in Axes
  5705 | Orc:1    | Noticed Prince Ribbit
  5723 | Orc:1    | Killed Prince Ribbit
  6242 | Orc:2    | Found Cefiarea's Antique Weapon Shoppe.
  6633 | Orc:3    | Received a gift from Trog
  6893 | Orc:3    | Noticed a deep elf summoner
  7004 | Orc:3    | HP: 1/79 [deep elf fighter/magic dart (3)]
  7178 | Orc:3    | Reached skill level 12 in Axes
  7407 | Orc:3    | Reached XP level 10. HP: 59/86 MP: 3/3
  7828 | Orc:3    | Killed a deep elf summoner
  7828 | Orc:3    | Reached skill level 10 in Fighting
  8097 | Orc:3    | Reached skill level 13 in Axes
  8341 | Orc:3    | HP: 4/132 [electric eel/bolt of electricity (4)]
  8343 | Orc:3    | Killed from afar by an electric eel

Action                   |  1- 3 |  4- 6 |  7- 9 | 10-12 || total
-------------------------+-------+-------+-------+-------++-------
Melee: Hand axe          |    92 |    26 |       |       ||   118
       War axe           |       |   107 |    42 |       ||   149
       Battleaxe         |       |       |    91 |       ||    91
       Executioner's axe |       |       |   122 |    70 ||   192
Invok: Berserk           |       |     1 |     6 |     2 ||     9
  Use: Scroll            |       |    15 |     8 |       ||    23
       Potion            |       |       |     9 |       ||     9
